 Dungeon Crawl Stone Soup version 0.31-a0-187-gba352fbbf7 (webtiles) character file.

Game seed: 10022848091253225240

250 qw the Skirmisher (level 5, -19/30 HPs)
             Began as a Deep Elf Hunter on June 22, 2023.
             Demolished by an ogre
             ... wielding a +0 giant club
              (32 damage)
             ... on level 4 of the Dungeon.
             The game lasted 00:01:20 (3401 turns).

qw the Skirmisher (Deep Elf Hunter)                 Turns: 3401, Time: 00:01:20

Health: -19/30     AC: 10    Str: 10    XL:     5   Next: 88%
Magic:  7/7        EV: 11    Int: 14    God:
Gold:   88         SH:  0    Dex: 18    Spells: 4/4 levels left

rFire   . . .        Y - +0 shortbow
rCold   . . .        (shield currently unavailable)
rNeg    . . .        b - +0 ring mail
rPois   .            (no helmet)
rElec   .            (no cloak)
rCorr   .            (no gloves)
SInv    .            h - +0 pair of boots
Will    .....        (no amulet)
Stlth   +            i - +4 ring of protection
HPRegen 0.25/turn    (no ring)
MPRegen 0.10/turn

%: no passive effects
@: no status effects
A: no striking features
a: no special abilities


You were on level 4 of the Dungeon.
You visited 1 branch of the dungeon, and saw 4 of its levels.

You collected 180 gold pieces.
You spent 92 gold pieces at shops.


   Skills:
 - Level 2.1 Fighting
 + Level 9.1 Ranged Weapons
 - Level 2.4 Dodging
 - Level 1.2 Stealth


You had 4 spell levels left.
You didn't know any spells.
Your spell library was empty.

Inventory:

Hand Weapons
 Y - a +0 shortbow (weapon)
Armour
 b - a +0 ring mail (worn)
 h - a +0 pair of boots (worn)
Jewellery
 i - a +4 ring of protection (left hand)
Scrolls
 a - a scroll of identify
 g - a scroll of teleportation
Potions
 c - a potion of enlightenment
 d - a potion of curing
 e - a potion of haste {unknown}
 f - a potion of mutation

Dungeon Overview and Level Annotations

Branches:
Dungeon (4/15)
 Temple: D:4-7

Altars:
Ashenzari
Vehumet

Shops:
D:1 !   D:2 [

Annotations:
D:3 3 runed translucent doors, qw's ghost, amateur GrFi


Message History

The howler monkey hits you but does no damage.
You climb upwards.
Level annotation: 3 runed translucent doors, qw's ghost, amateur GrFi
There is a stone staircase leading down, spattered with blood here.
You shoot an arrow.
The arrow closely misses the howler monkey.
The goblin hits you but does no damage. The howler monkey misses you.
You shoot an arrow. The arrow hits the howler monkey!
You kill the howler monkey!
The goblin hits you but does no damage.
You feel your strength returning.
Your Fighting skill increases to level 2!
You shoot an arrow.
The arrow hits the goblin but does no damage.
The goblin hits you but does no damage.
You shoot an arrow. The arrow closely misses the goblin.
The goblin barely misses you.
You shoot an arrow. The arrow hits the goblin.
You kill the goblin!
You start resting.
HP restored.
Things that are here:
a +0 club; a goblin corpse Qw's ghost turns its malevolent gaze towards you.
Could not explore, unopened runed door.
(D) Dungeon
Where to? (* - list waypoints, Enter - D:4, ? - help)
What level of the Dungeon? (default 1, ? - help)
There is a stone staircase leading down, spattered with blood here.
You climb downwards.
The ogre shouts!
There is a stone staircase leading up, spattered with blood here.
An ogre is nearby!
You shoot an arrow. The arrow barely misses the ogre.
The ogre hits you with a +0 giant club!
Ouch! That really hurt!
3401 ||| STAIRDANCE The ogre hits you with a +0 giant club!!
Ouch! That really hurt!
You die...

### .... .....
......#########
.......@..$....
......##O.....#
#+#.# ..)...# #
......# ......#
......# ......#
......#


You could see an ogre.

Vanquished Creatures
  A phantom (D:3)
  A howler monkey (D:3)
  Jessica (D:3)
  An orc wizard (D:2)
  3 adders
  A white imp (D:2)
  A worm (D:3)
  4 orcs (D:3)
  4 ball pythons
  3 bats
  6 endoplasms
  2 giant cockroaches (D:1)
  3 goblins
  8 hobgoblins
  2 jackals (D:1)
  2 quokkas
  3 frilled lizards
  2 rats
48 creatures vanquished.

Vanquished Creatures (others)
  A rat (D:3)
1 creature vanquished.

Grand Total: 49 creatures vanquished

Notes
Turn   | Place    | Note
-------+----------+-------------------------------------------
     0 | D:1      | qw the Deep Elf Hunter began the quest for the Orb.
     0 | D:1      | Reached XP level 1. HP: 12/12 MP: 3/3
     0 | D:1      | 0 ||| qw: Version: 0.3-a-9-g12657ce
     0 | D:1      | 0 ||| qw: Game counter: 2016
     0 | D:1      | 0 ||| qw: Always use a shield: true
     0 | D:1      | 0 ||| qw: God list: Okawaru
     0 | D:1      | 0 ||| qw: Allow faded altars: false
     0 | D:1      | 0 ||| qw: Do Orc after D:15 true
     0 | D:1      | 0 ||| qw: Do second Lair branch before Depths: true
     0 | D:1      | 0 ||| qw: Lair rune preference: random
     0 | D:1      | 0 ||| qw: Plans: Normal
     0 | D:1      | 0 ||| PLANNING D:1-11
    31 | D:1      | Found Zugeec's Distillery.
    44 | D:1      | 44 ||| SHOPLISTING potion of curing (42 gold, have 11).
    44 | D:1      | 44 ||| SHOPLISTING potion of enlightenment (70 gold, have
                  | 11).
    44 | D:1      | 44 ||| SHOPLISTING potion of haste (140 gold, have 11).
    44 | D:1      | 44 ||| SHOPLISTING potion of heal wounds (70 gold, have
                  | 11).
    44 | D:1      | 44 ||| SHOPLISTING potion of might (56 gold, have 11).
   192 | D:1      | Reached skill level 6 in Ranged Weapons
   192 | D:1      | Reached XP level 2. HP: 16/16 MP: 4/4
   652 | D:1      | HP: 4/16 [jackal (1)]
   655 | D:1      | HP: 1/16 [jackal (2)]
   744 | D:1      | 744 ||| READING scroll labelled TOIROW ZUOKOEFF.
   745 | D:1      | 745 ||| DROPPING scroll of butterflies.
   847 | D:2      | Found Uckuit's Antique Armour Emporium.
   856 | D:2      | 856 ||| SHOPLISTING diamond-encrusted scale mail (207 gold,
                  | have 110).
   856 | D:2      | 856 ||| BUYING ring mail (92 gold).
   856 | D:2      | Bought a ring mail for 92 gold pieces
   869 | D:2      | Reached XP level 3. HP: 20/20 MP: 5/5
  1037 | D:2      | Found a broken altar of Ashenzari.
  1273 | D:2      | Reached skill level 7 in Ranged Weapons
  1725 | D:2      | 1725 ||| UPGRADING to +0 ring mail.
  1735 | D:2      | 1735 ||| DROPPING +0 leather armour.
  1736 | D:2      | 1736 ||| READING scroll labelled UGYISOY COUMY.
  1837 | D:2      | 1837 ||| READING scroll labelled EGUON COPRACWEJ.
  1842 | D:2      | 1842 ||| READING scroll labelled SUEGEDD GE PEL.
  1843 | D:2      | 1843 ||| READING scroll labelled BIPSUB NUGETHRE.
  1844 | D:2      | 1844 ||| READING scroll labelled SUCVOASTADD.
  1845 | D:2      | 1845 ||| DRINKING 3 emerald potions.
  1846 | D:2      | 1846 ||| READING 3 scrolls of identify.
  1846 | D:2      | 1846 ||| IDENTIFYING fuming puce potion
  1847 | D:2      | 1847 ||| READING 2 scrolls of identify.
  1847 | D:2      | 1847 ||| IDENTIFYING fizzy red potion
  1848 | D:2      | 1848 ||| DROPPING 2 potions of degeneration.
  1916 | D:3      | Reached XP level 4. HP: 25/25 MP: 6/6
  1944 | D:3      | Found a runed translucent gate.
  1944 | D:3      | Found a runed translucent gate.
  1944 | D:3      | Found a runed translucent gate.
  2018 | D:3      | 2018 ||| FLEEEEING.
  2021 | D:3      | 2021 ||| FLEEEEING.
  2024 | D:3      | 2024 ||| FLEEEEING.
  2025 | D:3      | 2025 ||| FLEEEEING.
  2026 | D:3      | 2026 ||| FLEEEEING.
  2029 | D:3      | 2029 ||| FLEEEEING.
  2030 | D:3      | 2030 ||| FLEEEEING.
  2035 | D:3      | 2035 ||| FLEEEEING.
  2036 | D:3      | 2036 ||| FLEEEEING.
  2037 | D:3      | 2037 ||| FLEEEEING.
  2038 | D:3      | 2038 ||| FLEEEEING.
  2039 | D:3      | 2039 ||| FLEEEEING.
  2039 | D:3      | HP: 5/25 [something/magic dart (7)]
  2040 | D:3      | 2040 ||| FLEEEEING.
  2041 | D:3      | 2041 ||| FLEEEEING.
  2042 | D:3      | 2042 ||| FLEEEEING.
  2043 | D:3      | 2043 ||| FLEEEEING.
  2047 | D:3      | 2047 ||| STAIRDANCE
  2120 | D:2      | 2120 ||| DROPPING ring of flight.
  2126 | D:3      | 2126 ||| STAIRDANCE
  2216 | D:3      | Found a radiant altar of Vehumet.
  2408 | D:3      | Noticed qw's ghost (amateur GrFi)
  2436 | D:3      | 2436 ||| FLEEEEING.
  2437 | D:3      | 2437 ||| FLEEEEING.
  2438 | D:3      | 2438 ||| FLEEEEING.
  2439 | D:3      | 2439 ||| FLEEEEING.
  2444 | D:3      | 2444 ||| FLEEEEING.
  2445 | D:3      | 2445 ||| FLEEEEING.
  2446 | D:3      | 2446 ||| FLEEEEING.
  2450 | D:3      | 2450 ||| STAIRDANCE
  2477 | D:2      | 2477 ||| UPGRADING to +0 pair of boots.
  2482 | D:2      | 2482 ||| DRINKING 2 orange potions.
  2528 | D:2      | 2528 ||| DROPPING potion of lignification.
  2533 | D:3      | 2533 ||| STAIRDANCE
  2582 | D:3      | 2582 ||| STAIRDANCE
  2657 | D:3      | 2657 ||| STAIRDANCE
  2719 | D:3      | 2719 ||| STAIRDANCE
  2723 | D:2      | Reached skill level 8 in Ranged Weapons
  2770 | D:3      | Noticed Jessica
  2773 | D:3      | Killed Jessica
  2774 | D:3      | Reached XP level 5. HP: 29/29 MP: 7/7
  3184 | D:3      | 3184 ||| UPGRADING to +4 ring of protection.
  3185 | D:3      | 3185 ||| READING 2 scrolls of identify.
  3185 | D:3      | 3185 ||| IDENTIFYING grey potion
  3208 | D:4      | Noticed a phantom
  3212 | D:4      | 3212 ||| STAIRDANCE
  3224 | D:3      | Killed a phantom
  3225 | D:3      | Reached skill level 9 in Ranged Weapons
  3334 | D:4      | 3334 ||| STAIRDANCE
  3399 | D:4      | Noticed an ogre
  3401 | D:4      | 3401 ||| STAIRDANCE
  3401 | D:4      | Demolished by an ogre

Levels and vault maps discovered:
D:1:      psy_arrival_terrarium, layout_loops_ring, serial_shops,
          nicolae_shop_industrial_runoff, kennysheep_pointless_box
D:2:      layout_basic, serial_shops, shop, basic_altar, kennysheep_crisscross
D:3:      layout_basic, fiery_altar_vehumet, gammafunk_ghost_icy, uniq_jessica
D:4:      layout_basic

Skill      XL: |  1  2  3  4  5 |
---------------+----------------+-----
Ranged Weapons | 6 7 8 9 |  9.1
Fighting       | 2 |  2.1
Dodging        | |  2.4
Stealth        | |  1.2

Action                     |  1- 3 |  4- 6 || total
---------------------------+-------+-------++-------
   Fire: Shortbow          |   117 |    77 ||   194
    Use: Scroll            |     8 |     1 ||     9
         Potion            |     1 |     1 ||     2
 Armour: Leather armour    |     6 |       ||     6
         Ring mail         |     2 |    21 ||    23
  Dodge: Dodged            |    29 |    20 ||    49

Table legend:
 A = Non-vault XP
 B = Vault XP
 C = Vault XP percentage of total XP
 D = Non-vault monster count
 E = Vault monster count
 F = Vault count percentage of total count
                 A         B        C        D         E       F
            +---------+---------+-------+---------+---------+-------
      Total |     321 |      37 |  10.3 |      47 |       1 |   2.1
            +---------+---------+-------+---------+---------+-------
        D:1 |      36 |       0 |   0.0 |      20 |       0 |   0.0
        D:2 |      88 |       0 |   0.0 |      14 |       0 |   0.0
        D:3 |     197 |      37 |  15.8 |      13 |       1 |   7.1
            +---------+---------+-------+---------+---------+-------
